 Dungeon Crawl Stone Soup version 0.30-a0-476-g330ca2eb8e (webtiles) character file.

Game seed: 17807757268828929358

7 polve the Ruffian (level 1, -1/19 HPs)
             Began as an Armataur Berserker on Dec 21, 2022.
             Was a Follower of Trog.
             Slain by a kobold
             ... wielding a +0 club
              (3 damage)
             ... on level 1 of the Dungeon.
             The game lasted 00:01:04 (106 turns).

polve the Ruffian (Armataur Berserker)               Turns: 106, Time: 00:01:05

Health: -1/19      AC:  4    Str: 22    XL:     1   Next: 91%
Magic:  1/1        EV:  9    Int:  7    God:    Trog [*.....]
Gold:   12         SH:  0    Dex:  9    Spells: 0/0 levels left

rFire   . . .      SeeInvis .      - Unarmed
rCold   . . .      Faith    .    (no shield)
rNeg    . . .      Spirit   .    a - +0 animal skin
rPois   .          Reflect  .    (no helmet)
rElec   .          Harm     .    (no cloak)
rCorr   .          Roll     +    (no gloves)
Will    .....                    (no barding)
Stlth   +.........               (no amulet)
HPRegen 0.23/turn                (no ring)
MPRegen 0.07/turn                (no ring)

@: no status effects
A: large, rugged brown scales 3, deformed body, armoured tail, roll, long
tongue, awkward tongue
a: Renounce Religion, Berserk


You were on level 1 of the Dungeon.
You worshipped Trog.
Trog was aware of your devotion.
You visited 1 branch of the dungeon, and saw 1 of its levels.

You collected 12 gold pieces.

Inventory:

Armour
 a - a +0 animal skin (worn)
Scrolls
 b - a scroll of identify {unknown}


   Skills:
 + Level 2.8 Fighting
 + Level 2.6 Armour
 - Level 1.3 Dodging
 * Level 3.0 Unarmed Combat


You couldn't memorise any spells.
You didn't know any spells.
Your spell library was empty.

Dungeon Overview and Level Annotations

Branches:
Dungeon (1/15)

Altars:

Shops:
D:1 [


Innate Abilities, Weirdness & Mutations

You are completely covered in rugged brown scales. (AC +3, +7% HP)
Armour fits poorly on your strangely shaped body.
You have a long armoured tail.
You roll when moving toward enemies. (Rampage)
Your long tongue fully drains potion bottles. (2x potion effects)
Your tongue gives you trouble enunciating. (1.5x scroll delay)


Message History

You see here a giant cockroach corpse.
You punch the dart slug!
The dart slug is severely wounded.
The bat hits you. The kobold hits you but does no damage.
You hit the dart slug.
The dart slug is almost dead.
The dart slug barely misses you. The bat hits you but does no damage.
The kobold hits you with a +0 club.
You hit the dart slug.
You kill the dart slug!
Trog accepts your kill. The bat barely misses you.
Your Unarmed Combat skill increases to level 3!
The bat hits you but does no damage.
You barely miss the kobold.
Your tail-slap misses the kobold.
The bat hits you but does no damage. The bat hits you.
The goblin barely misses you. The kobold hits you with a +0 club.
You closely miss the kobold. The goblin barely misses you.
The kobold barely misses you.
You closely miss the kobold. The bat hits you but does no damage.
The goblin hits you but does no damage. The kobold closely misses you.
You hit the kobold.
The kobold is heavily wounded.
The bat closely misses you. The goblin barely misses you.
The kobold misses you. The bat hits you.
You barely miss the kobold.
The kobold is heavily wounded.
The bat completely misses you. The goblin closely misses you.
The kobold closely misses you.
You closely miss the kobold.
The kobold is heavily wounded.
The bat hits you but does no damage. The goblin hits you with a +0 dagger.
The kobold hits you with a +0 club.
* * * LOW HITPOINT WARNING * * *
You miss the kobold.
The kobold is heavily wounded.
The bat hits you but does no damage. The goblin hits you with a +0 dagger.
* * * LOW HITPOINT WARNING * * *
The kobold hits you with a +0 club.
You die...

..... ##.#.#.######.#
........###.....))......
.........####..#########
#.....#.####...........
#......∩........####♣♣♣
#.....#.#.......# ♣<.
...............# ♣.P
###..b........# ♣.P
#g@K....$..... ♣.P
.................##. ♣.P
##......#........# ♣.P
#......#.......^# ♣..
............###### ♣♣♣
###########.# .# .#


You could see a goblin, a bat and a kobold.

Vanquished Creatures
  A dart slug (D:1)
  A giant cockroach (D:1)
  2 kobolds (D:1)
  A bat (D:1)
  A rat (D:1)
6 creatures vanquished.

Notes
Turn   | Place    | Note
-------+----------+-------------------------------------------
     0 | D:1      | polve the Armataur Berserker began the quest for the Orb.
     0 | D:1      | Reached XP level 1. HP: 19/19 MP: 1/1
    85 | D:1      | Found Bigibax's Armour Shoppe.
    99 | D:1      | Reached skill level 3 in Unarmed Combat
   106 | D:1      | Slain by a kobold

Illustrated notes

Levels and vault maps discovered:
D:1:      tarquinn_simple_flora_water_a, layout_basic, serial_shops,
          nicolae_shop_crystal, shapermc_ecumenical_altar_mp_urbaneastern

Skill      XL: |  1 |
---------------+----+-----
Unarmed Combat | 3 |  3.0
Fighting       | |  2.8
Armour         | |  2.6
Dodging        | |  1.3

Action                   || total
-------------------------++-------
Melee: Unarmed           ||    27
Armor: Animal skin       ||    13
Dodge: Dodged            ||    21

Table legend: (Time is in decaauts)
 A = Elapsed time spent in this place.
 B = Non-inter-level travel time spent in this place.
 C = Inter-level travel time spent in this place.
 D = Time resting spent in this place.
 E = Time spent auto-exploring this place.
 F = Levels seen in this place.
 G = Mean time per level.
                   A        B        C        D        E       F      G
               +--------+--------+--------+--------+--------+-----+--------+
         Total |    104 |    104 |      0 |      0 |     64 |   1 |  104.0 |
       Dungeon |    104 |    104 |      0 |      0 |     64 |   1 |  104.0 |
               +--------+--------+--------+--------+--------+-----+--------+

Top non-repeatable levels by time:
     D:1: 104 daAuts
